 Dungeon Crawl Stone Soup version 0.31.0-11-ge490571c62 (webtiles) character file.

Game seed: 5801218049255126490

947 Arcadio the Trooper (level 7, -3/66 HPs)
             Began as a Red Draconian Delver on Jan 30, 2024.
             Was an Initiate of Ashenzari.
             Succumbed to Edmund's poison
             ... on level 6 of the Dungeon.
             The game lasted 00:07:44 (5000 turns).

Arcadio the Trooper (Red Draconian Delver)          Turns: 5000, Time: 00:07:44

Health: -3/66      AC: 15    Str: 17    XL:     7   Next: 89%
Magic:  7/7        EV: 13    Int: 10    God:    Ashenzari [......]
Gold:   234        SH:  0    Dex: 12    Spells: 6/6 levels left

rFire   + . .        B - +4 war axe
rCold   . . .        (no shield)
rNeg    . . .        (body armour unavailable)
rPois   .            (helmet restricted)
rElec   .            (no cloak)
rCorr   .            h - +0 pair of gloves
SInv    .            (no boots)
Will    +....        (no amulet)
Stlth   +++          y - +4 ring of protection
HPRegen 0.31/turn    p - ring of Ashenzari's Ordeal {AC+4, Bglg, Self} (curse)
MPRegen 0.10/turn

%: no passive effects
@: lethally poisoned (-3 -> -38), short of breath, enlightened, flying
A: breathe fire, AC +6, unfitting armour, fire resistance 1, cold-blooded
a: Breathe Fire, Renounce Religion, Shatter the Chains


You were on level 6 of the Dungeon.
You worshipped Ashenzari.
Ashenzari was noncommittal.
You visited 1 branch of the dungeon, and saw 6 of its levels.

You collected 234 gold pieces.

Inventory:

Hand Weapons
 a - a +0 mace
 B - a +4 war axe (weapon)
 F - a +2 dire flail
Armour
 h - a +0 pair of gloves (worn)
Jewellery
 n - a ring of wizardry
 p - the cursed ring of Ashenzari's Ordeal (right hand) {AC+4, Bglg, Self}
   (You found it on level 2 of the Dungeon)

   [ring of protection]

   AC+4:      It affects your AC (+4).
   It has a curse which improves the following skills: Beguiling: Hexes and
   Translocations.
   Introspection: Fighting and Spellcasting.
 y - a +4 ring of protection (left hand)
Wands
 f - a wand of digging (3)
 E - a wand of flame (23)
Scrolls
 b - a scroll of fog
 c - 2 scrolls of revelation
 d - 3 scrolls of fear
 g - 5 scrolls of identify {unknown}
 i - 2 scrolls of noise {unknown}
 j - 2 scrolls of summoning {unknown}
 k - 4 scrolls of teleportation {unknown}
 q - a scroll of immolation {unknown}
 w - a scroll of brand weapon {unknown}
 x - a scroll of enchant weapon {unknown}
 z - 2 scrolls of poison {unknown}
 C - a scroll of enchant armour {unknown}
 D - a scroll of amnesia {unknown}
Potions
 e - a potion of haste
 l - a potion of lignification {unknown}
 m - a potion of invisibility {unknown}
 o - a potion of enlightenment
 r - a potion of resistance {unknown}
 s - 2 potions of degeneration {unknown}
 t - a potion of ambrosia {unknown}
 u - a potion of attraction {unknown}
 v - a potion of might {unknown}
 A - a potion of mutation {unknown}


   Skills:
 + Level 6.6(7.0) Fighting
 + Level 5.5 Maces & Flails
 + Level 5.0 Dodging
 - Level 4.5 Stealth


You had 6 spell levels left.
You didn't know any spells.
Your spell library contained the following spells:

 Spells                   Type           Power      Damage    Failure   Level
 Freeze                   Ice            0%         1d3       36%         1
 Ensorcelled Hibernation  Hex/Ice        0%         N/A       50%         2
 Mercury Vapours          Alch/Air       0%         N/A       50%         2
 Frozen Ramparts          Ice            0%         1d1       75%         3
 Fugue of the Fallen      Necr           0%         N/A       75%         3
 Hailstorm                Conj/Ice       0%         3d5       75%         3
 Mephitic Cloud           Conj/Alch/Air  0%         N/A       75%         3
 Anguish                  Hex/Necr       0%         N/A       98%         4
 Cause Fear               Hex            0%         N/A       98%         4
 Freezing Cloud           Conj/Ice/Air   0%         6-21      100%        5
 Enfeeble                 Hex            0%         N/A       100%        7


Dungeon Overview and Level Annotations

Branches:
Dungeon (6/15)
 Temple: D:4-7

Altars:
Ashenzari
Cheibriados
Dithmenos
Elyvilon
Kikubaaqudgha
Qazlal
Sif Muna
Vehumet
Wu Jian
Yredelemnul
The Shining One

Shops:
D:4 =

Annotations:
D:4 3 runed translucent doors, heinrich's ghost, amateur VSBr
D:6 Edmund


Innate Abilities, Weirdness & Mutations

You can breathe blasts of fire.
Your fiery red scales are hard. (AC +6)
You cannot fit into any form of body armour.
Your flesh is heat resistant. (rF+)
You are cold-blooded and may be slowed by cold attacks.


Message History

You are more poisoned.
You hit Edmund but do no damage.
Your tail-slap misses Edmund.
Edmund is moderately wounded.
You feel extremely sick. Edmund misses you.
You barely miss Edmund.
Edmund is moderately wounded.
You feel very sick.
Edmund hits you with a +4 flail of venom!
You are more poisoned.
Edmund barely misses you.
You hit Edmund but do no damage. You tail-slap Edmund, but do no damage.
Edmund is moderately wounded.
You feel extremely sick. Edmund hits you but does no damage.
You are more poisoned.
You hit Edmund but do no damage.
Edmund is moderately wounded.
You feel extremely sick.
Edmund says, "I'm quite good with sums, too."
Edmund hits you but does no damage.
You are more poisoned.
You slash Edmund! You tail-slap Edmund.
Edmund is heavily wounded.
You feel extremely sick. Edmund hits you but does no damage.
You are lethally poisoned!
Edmund hits you with a +4 flail of venom.
You are more poisoned.
You slash Edmund!
Edmund is severely wounded.
* * * LOW HITPOINT WARNING * * *
You feel extremely sick.
Edmund hits you with a +4 flail of venom.
* * * LOW HITPOINT WARNING * * *
You are more poisoned.
It was a potion of enlightenment.
You feel very buoyant.
You fly up into the air.
You die...

##.####....................#
##...#########.##.###########
##.....## #.##.# ###.......#
#.##.# ........[...# #.##.#
###.......#.# #.##.#
##.....##.# #.##.#
##...###.#####.##.#
##..)./...>@@....#
################


You could see Edmund.

Vanquished Creatures
  Sigmund (D:5)
  A black bear (D:6)
  A phantom (D:6)
  A scorpion (D:3)
  4 wights (D:6)
  A jelly (D:3)
  A bombardier beetle (D:5)
  An orc priest (D:3)
  2 hounds
  A sleepcap (D:6)
  An iguana (D:5)
  6 adders
  A shadow imp (D:5)
  5 dart slugs
  2 ribbon worms (D:3)
  13 orcs
  16 endoplasms
  A giant cockroach (D:4)
  3 goblins (D:2)
  2 hobgoblins (D:3)
  5 quokkas
  3 ball pythons
  3 bats (D:2)
  4 frilled lizards
  9 kobolds
  4 rats
92 creatures vanquished.

Notes
Turn   | Place    | Note
-------+----------+-------------------------------------------
     0 | D:5      | Arcadio the Draconian Delver began the quest for the Orb.
     0 | D:5      | Reached XP level 1. HP: 19/19 MP: 1/1
    31 | D:5      | Noticed Sigmund
    90 | D:4      | Reached XP level 2. HP: 23/26 MP: 2/2
   238 | D:4      | Found a runed translucent gate.
   239 | D:4      | Found a runed translucent gate.
   272 | D:4      | Noticed heinrich's ghost (amateur VSBr)
   273 | D:4      | Found a runed translucent gate.
   273 | D:4      | Identified the +0 leather armour "Huphoac" {rF+}
   274 | D:4      | Identified the +0 plate armour of Distant Shores {rC- rCorr
                  | Str+3}
   274 | D:4      | Noticed an orc warrior
   395 | D:2      | Reached XP level 3. HP: 27/33 MP: 3/3
  1178 | D:2      | Reached skill level 4 in Fighting
  1564 | D:2      | Reached XP level 4. HP: 40/40 MP: 4/4
  1848 | D:3      | Found a white marble altar of Elyvilon.
  2189 | D:3      | Became a worshipper of Elyvilon the Healer
  2315 | D:3      | Found an ancient bone altar of Kikubaaqudgha.
  2315 | D:3      | Found a snail-covered altar of Cheibriados.
  2317 | D:3      | Found a radiant altar of Vehumet.
  2317 | D:3      | Found a glowing golden altar of the Shining One.
  2319 | D:3      | Found a shimmering blue altar of Sif Muna.
  2319 | D:3      | Found a shadowy altar of Dithmenos.
  2350 | D:3      | Fell from the grace of Elyvilon
  2350 | D:3      | Became a worshipper of the Shining One
  2653 | D:3      | Noticed a scorpion
  2684 | D:3      | Reached XP level 5. HP: 46/47 MP: 5/5
  3017 | D:3      | Found a broken altar of Ashenzari.
  3017 | D:3      | Found a basalt altar of Yredelemnul.
  3017 | D:3      | Found a shimmering blue altar of Sif Muna.
  3017 | D:3      | Found a radiant altar of Vehumet.
  3017 | D:3      | Found a stormy altar of Qazlal.
  3017 | D:3      | Found an ornate altar of the Wu Jian Council.
  3026 | D:3      | Reached skill level 5 in Fighting
  3026 | D:3      | Reached XP level 6. HP: 39/56 MP: 6/6
  3042 | D:3      | Fell from the grace of the Shining One
  3042 | D:3      | Became a worshipper of Ashenzari the Shackled
  3090 | D:3      | Identified the flux talisman of Majestic Amelioration
                  | {rElec rPois Will+++ Stlth-}
  3505 | D:4      | Found Wayt Rimn's Jewellery Emporium.
  4646 | D:5      | Killed Sigmund
  4647 | D:5      | Your scales start taking on a fiery red colour.
  4647 | D:5      | Reached XP level 7. HP: 61/63 MP: 7/7
  4647 | D:5      | Gained mutation: Your flesh is heat resistant. (rF+) [Red
                  | Draconian growth]
  4831 | D:6      | Reached skill level 6 in Fighting
  4831 | D:6      | Reached skill level 5 in Maces & Flails
  4901 | D:6      | Reached skill level 5 in Dodging
  4989 | D:6      | Noticed Edmund
  5000 | D:6      | Succumbed to Edmund's poison

Illustrated notes

Levels and vault maps discovered:
D:1:      psy_arrival_statuary, layout_basic, minmay_indecisive_spiral
D:2:      layout_basic
D:3:      cheibrodos_fertilizer, layout_loops_corners,
          grunt_temple_overflow_open, elyvilon_altar_5
D:4:      layout_basic, biasface_ghost_orc_armoury, serial_shops, shop,
          minmay_misc_feat_columns
D:5:      layout_loops_ring, uniq_sigmund
D:6:      layout_loops_ring, minmay_temple_entry_overgrown, serial_shops,
          nicolae_shop_stone, uniq_edmund

Skill      XL: |  1  2  3  4  5  6  7 |
---------------+----------------------+-----
Dodging        | 2 3 4 5 |  5.0
Fighting       | 4 5 6 |  6.6
Maces & Flails | 3 4 5 |  5.5
Stealth        | |  4.5

Action                     |  1- 3 |  4- 6 |  7- 9 || total
---------------------------+-------+-------+-------++-------
  Melee: Mace              |    77 |   148 |       ||   225
         Tailslap          |    12 |    23 |     5 ||    40
         Punch             |       |     1 |       ||     1
         War axe           |       |    29 |    30 ||    59
 Invoke: Curse Item        |       |     1 |       ||     1
Ability: Breathe Fire      |       |       |     3 ||     3
  Evoke: Wand              |       |       |     1 ||     1
    Use: Potion            |       |       |     1 ||     1
   Stab: Sleeping          |    11 |     7 |       ||    18
 Armour: Skin              |    33 |   114 |    27 ||   174
  Dodge: Dodged            |    50 |    99 |    23 ||   172
